 Seeded DCSS version 0.30.1-9-gdf580d7c3d (webtiles) character file.

Game seed: 6351066067085065685 (custom seed)

1254 Esekla the Thaumaturge (level 8, -3/41 HPs)
             Began as a Deep Elf Wanderer on Oct 8, 2023.
             Was a Priest of Vehumet.
             Slain by a gnoll
             ... wielding a +0 halberd
             ... led by a gnoll sergeant
              (12 damage)
             ... on level 8 of the Dungeon.
             The game lasted 00:41:42 (4907 turns).

Esekla the Thaumaturge (Deep Elf Wanderer)          Turns: 4907, Time: 00:41:42

Health: -3/41      AC:  7    Str: 11    XL:     8   Next: 26%
Magic:  17/23      EV: 12    Int: 21    God:    Vehumet [***...]
Gold:   397        SH:  4    Dex: 14    Spells: 15/26 levels left

rFire   . . .        s - +5 rapier of the Hero {heavy, rN+ Dex+3}
rCold   . . .        d - +0 buckler
rNeg    + . .        F - +0 steam dragon scales
rPois   .            m - +0 helmet
rElec   .            (no cloak)
rCorr   .            l - +0 pair of gloves
SInv    .            (no boots)
Will    .....        A - amulet of magic regeneration
Stlth   ++           (no ring)
HPRegen 0.26/turn    (no ring)
MPRegen 0.58/turn

%: no passive effects
@: no status effects
A: no striking features
a: Renounce Religion


You were on level 8 of the Dungeon.
You worshipped Vehumet.
Vehumet was most pleased with you.
You visited 1 branch of the dungeon, and saw 8 of its levels.

You collected 397 gold pieces.

Inventory:

Hand Weapons
 a - a +2 vampiric dagger
 r - a +4 trident of venom
 s - the +5 rapier of the Hero (weapon) {heavy, rN+ Dex+3}
   (You found it on level 3 of the Dungeon)

   Dex:       It affects your dexterity (+3).
   rN:        It protects you from negative energy.
Missiles
 w - 15 poisoned darts (quivered)
Armour
 d - a +0 buckler (worn)
 l - a +0 pair of gloves (worn)
 m - a +0 helmet (worn)
 F - +0 steam dragon scales (worn)
Jewellery
 A - an amulet of magic regeneration (around neck)
Wands
 i - a wand of roots (15)
 C - a wand of flame (15)
Scrolls
 g - 6 scrolls of identify {unknown}
 o - 3 scrolls of enchant weapon {unknown}
 p - 2 scrolls of amnesia {unknown}
 q - a scroll of immolation {unknown}
 u - 2 scrolls of fog {unknown}
 v - 2 scrolls of blinking {unknown}
 x - a scroll of enchant armour {unknown}
 y - a scroll of silence {unknown}
 z - a scroll of magic mapping {unknown}
 B - a scroll of fear
 D - a scroll of summoning {unknown}
 E - a scroll of teleportation {unknown}
Potions
 b - 2 potions of lignification
 e - 2 potions of ambrosia {unknown}
 f - 2 potions of attraction {unknown}
 h - a potion of heal wounds {unknown}
 j - 4 potions of curing
 k - 2 potions of haste {unknown}
 n - a potion of mutation {unknown}
 t - 3 potions of brilliance {unknown}


   Skills:
 + Level 1.9 Short Blades
 + Level 0.2 Throwing
 * Level 3.5 Dodging
 + Level 2.7 Stealth
 + Level 1.7 Shields
 * Level 9.7 Spellcasting
 + Level 1.4 Conjurations
 * Level 5.8 Necromancy
 + Level 3.2 Translocations
 + Level 0.4 Air Magic
 + Level 1.0 Invocations


You had 15 spell levels left.
You knew the following spells:

 Your Spells              Type           Power      Damage    Failure   Level
a - Magic Dart            Conj           64%        1d6       1%          1
b - Blink                 Tloc           48%        N/A       3%          2
d - Vampiric Draining     Necr           34%        2d8       2%          3
e - Shock                 Conj/Air       56%        1d6       1%          1
p - Apportation           Tloc           48%        N/A       2%          1
t - Teleport Other        Tloc           24%        N/A       8%          3

Your spell library contained the following spells:

 Spells                   Type           Power      Damage    Failure   Level
 Dazzling Flash           Conj/Hex       26%        N/A       6%          3
 Lesser Beckoning         Tloc           48%        N/A       3%          2
 Gell's Gravitas          Tloc           24%        N/A       8%          3
 Ignite Poison            Fire/Tmut/Pois 10%        N/A       8%          3
 Spider Form              Tmut/Pois      10%        N/A       28%         3
 Cause Fear               Hex            5%         N/A       67%         4
 Summon Mana Viper        Hex/Summ       10%        N/A       95%         5


Dungeon Overview and Level Annotations

Branches:
Dungeon (8/15)
 Temple: D:4-7         Lair: D:8-11

Altars:
Dithmenos
Hepliaklqana
Okawaru
Qazlal
Trog
Vehumet
Zin
The Shining One

Shops:
D:2 =   D:4 (

Annotations:
D:6 Blork the orc


Message History

Confirm with . or Enter, or press ? or * to list all spells.
You blink. 2 gnolls come into view.
Found a glowing helmet.
Found an escape hatch in the ceiling.
Found a stone staircase leading up.
The gnoll shouts!
You hear a shout! x3
A gnoll comes into view. It is wielding a +0 club.
A gnoll comes into view. It is wielding a +0 flail.
A gnoll sergeant comes into view. It is wielding a +0 spear.
A gnoll comes into view. It is wielding a +0 flail of pain.
The gnoll barely misses you.
The gnoll moves out of view.
You feel stable enough to blink again.
The gnoll hits you from afar with a +0 halberd.
The gnoll sergeant barely misses you.
An ufetubus comes into view.
An orc wizard and 2 orcs come into view.
The gnoll hits you with a +0 club.
The orc moves out of view.
The orc wizard moves out of view.
An orc wizard and an orc come into view.
The orc wizard is wielding a +0 dagger of freezing.
A white imp comes into view.
The orc wizard moves out of view. 2 orcs come into view.
The orc shouts! x2
An orc comes into view. It is wielding a +0 club.
An orc comes into view. It is wielding a +0 hand axe.
The orc wizard shouts!
The gnoll hits you with a +0 club. The orc wizard casts a spell at you.
You easily resist.
The orc wizard shouts!
You closely miss the orc.
The orc shouts!
The gnoll is no longer moving quickly.
The gnoll hits you with a +0 club. The gnoll barely misses you.
The orc barely misses you. The gnoll hits you with a +0 club.
* * * LOW HITPOINT WARNING * * *
An orc comes into view. It is wielding a +0 short sword.
The gnoll hits you from afar with a +0 halberd!
You die...

##. .. ..# #.. # #.#
##### ### #. #.# #.O.# #
.##.# #.# #.#O# #
.....###.# #.#.# #
......[#.####.#.#####.##
..8.o...gg.##g#....##...
8...8o.@##..Og####.#####
...o...o####..#....#....
.oo..8..# #.g#.#..#....
o..o...o# #<.g.#(.#..##
8...8.... .....#.....#
..8...o.. ....#.......#
......... ....###..##.#
........####<## #.....#
#.#.###


You could see 2 orc wizards, 2 gnolls and 8 orcs.

Vanquished Creatures
  A steam dragon (D:7)
  An ogre (D:5)
  A kobold brigand (D:8)
  A gnoll sergeant (D:6)
  2 scorpions (D:5)
  A quasit (D:8)
  4 hounds
  2 orc priests
  A gnoll bouda (D:8)
  A sleepcap (D:5)
  5 iguanas
  2 orc wizards (D:7)
  13 gnolls
  9 adders
  A shadow imp (D:7)
  3 white imps
  3 ufetubi
  A worm (D:4)
  3 dart slugs
  16 orcs
  4 endoplasms
  8 goblins
  5 hobgoblins
  A quokka (D:1)
  6 ball pythons
  4 bats
  4 frilled lizards
  7 kobolds
  A rat (D:2)
111 creatures vanquished.

Notes
Turn   | Place    | Note
-------+----------+-------------------------------------------
     0 | D:1      | Esekla the Deep Elf Wanderer began the quest for the Orb.
     0 | D:1      | Esekla set off with the following items: a +0 club, a
                  | potion of lignification, a +0 robe, a +0 buckler; and the
                  | following spells available to memorise: Apportation, Blink,
                  | Lesser Beckoning, Magic Dart, Ignite Poison, Vampiric
                  | Draining.
     0 | D:1      | Reached XP level 1. HP: 10/10 MP: 7/7
     2 | D:1      | Learned a level 1 spell: Magic Dart
     4 | D:1      | Learned a level 1 spell: Apportation
   240 | D:2      | Found Renulab's Jewellery Shop.
   503 | D:4      | Found a radiant altar of Vehumet.
   507 | D:4      | Became a worshipper of Vehumet
   519 | D:4      | Found an iron altar of Okawaru.
   530 | D:4      | Found a glowing silver altar of Zin.
   628 | D:4      | Found Ponaysk's Antique Weapon Boutique.
   768 | D:3      | Reached XP level 2. HP: 15/15 MP: 3/9
   771 | D:3      | Learned a level 2 spell: Blink
   957 | D:3      | Identified the +5 rapier of the Hero {heavy, rN+ Dex+3}
  1042 | D:2      | Reached skill level 5 in Spellcasting
  1113 | D:1      | Reached skill level 1 in Dodging
  1113 | D:1      | Reached XP level 3. HP: 12/19 MP: 8/11
  1231 | D:1      | Reached * piety under Vehumet
  1231 | D:1      | Offered knowledge of Shock by Vehumet.
  1232 | D:1      | Reached skill level 1 in Necromancy
  1235 | D:1      | Learned a level 1 spell: Shock
  1413 | D:1      | Learned a level 3 spell: Teleport Other
  1417 | D:1      | Learned a level 3 spell: Vampiric Draining
  1789 | D:2      | Found a faded altar of an unknown god.
  1840 | D:2      | Reached skill level 6 in Spellcasting
  1840 | D:2      | Reached XP level 4. HP: 14/24 MP: 10/14
  1866 | D:2      | Noticed a black bear
  2275 | D:3      | Found a stormy altar of Qazlal.
  2339 | D:3      | Found a hazy altar of Hepliaklqana.
  2341 | D:3      | Found a bloodstained altar of Trog.
  2352 | D:3      | Reached skill level 1 in Short Blades
  2352 | D:3      | Reached XP level 5. HP: 18/28 MP: 0/15
  2753 | D:5      | Entered Level 5 of the Dungeon
  2756 | D:5      | Got the Parchment of the Lumpy Olives
  2784 | D:5      | Found a shadowy altar of Dithmenos.
  2899 | D:5      | Reached XP level 6. HP: 32/32 MP: 17/17
  2939 | D:5      | Reached skill level 7 in Spellcasting
  2978 | D:5      | Offered knowledge of Freeze by Vehumet.
  3359 | D:4      | Found a glowing golden altar of the Shining One.
  3391 | D:4      | Reached ** piety under Vehumet
  3794 | D:5      | Reached XP level 7. HP: 18/36 MP: 11/20
  3827 | D:5      | Reached skill level 8 in Spellcasting
  4269 | D:6      | Noticed Blork the orc
  4328 | D:8      | Reached skill level 1 in Conjurations
  4329 | D:8      | Offered knowledge of Dazzling Flash by Vehumet.
  4334 | D:7      | Reached skill level 5 in Necromancy
  4562 | D:8      | Noticed a steam dragon
  4616 | D:8      | Reached skill level 9 in Spellcasting
  4658 | D:7      | Reached XP level 8. HP: 33/41 MP: 20/23
  4740 | D:8      | Reached *** piety under Vehumet
  4873 | D:8      | Noticed a two-headed ogre
  4907 | D:8      | Slain by a gnoll

Illustrated notes

Levels and vault maps discovered:
D:1:      sevenhm_arrival_forest_fort_small_3, layout_rooms,
          chequers_serial_rivers_room_b, minmay_misc_feat_five
D:2:      layout_loops_ring, dreamdust_ecumenical_altar_angels_and_demons,
          serial_shops, shop
D:3:      layout_basic, grunt_temple_overflow_open, minmay_misc_feat_iff
D:4:      layout_basic, nicolae_overflow_quartered_altars, serial_shops,
          nicolae_diamond_shop
D:5:      layout_loops_ring, lemuel_doored_altar, minmay_misc_feat_rows,
          dreamdust_wishing_well
D:6:      layout_loops_cross, fedhas_altar_fruit_tree,
          minmay_temple_entry_glass, uniq_pikel, uniq_blork_the_orc
D:7:      layout_basic, uniq_menkaure, uniq_joseph, uniq_crazy_yiuf_cottage
D:8:      layout_basic, nicolae_uskayaw_dance_hall, serial_demonic,
          serial_demonic_d, serial_demonic_a, serial_demonic_c,
          serial_demonic_c, nicolae_diode_quadrants

Skill      XL: |  1  2  3  4  5  6  7 |
---------------+----------------------+-----
Spellcasting   | 5 6 7 9 |  9.7
Dodging        | 1 2 3 |  3.5
Necromancy     | 1 2 3 5 |  5.8
Stealth        | 2 |  2.7
Short Blades   | 1 |  1.9
Translocations | 3 |  3.2
Conjurations   | 1 |  1.4
Throwing       | |  0.2
Shields        | |  1.7
Air Magic      | |  0.4
Invocations    | |  1.0

Action                     |  1- 3 |  4- 6 |  7- 9 || total
---------------------------+-------+-------+-------++-------
  Melee: Short sword       |    14 |    16 |       ||    30
         Rapier            |    23 |    22 |    29 ||    74
         Dagger            |       |    51 |    20 ||    71
  Throw: Dart              |     3 |     6 |     6 ||    15
   Cast: Apportation       |    37 |    31 |    13 ||    81
         Magic Dart        |    48 |    33 |    16 ||    97
         Vampiric Draining |     1 |    25 |    29 ||    55
         Shock             |       |    15 |    17 ||    32
         Blink             |       |       |     3 ||     3
  Evoke: Wand              |       |     1 |       ||     1
    Use: Scroll            |     1 |       |     1 ||     2
         Potion            |       |       |     1 ||     1
   Stab: Sleeping          |     3 |     5 |     1 ||     9
 Armour: Robe              |    27 |    20 |     9 ||    56
         Steam dragon scal |       |       |     6 ||     6
  Dodge: Dodged            |    32 |    50 |    57 ||   139
  Block: Buckler           |    10 |    20 |    18 ||    48
